 Dungeon Crawl Stone Soup version 0.28.0-53-g5a82cb258f (webtiles) character file.

Game seed: 8024487126546216674

102504 Infinimo the Wrestler (level 15, 0/160 (161) HPs)
             Began as a Troll Berserker on June 5, 2022.
             Was a High Priest of Trog.
             Slain by a starcursed mass (11 damage)
             ... while paralysed by accursed screaming
             ... on level 1 of the Abyss.
             The game lasted 00:24:35 (16775 turns).

Infinimo the Wrestler (Troll Berserker)            Turns: 16775, Time: 00:24:36

HP:   0/160 (161)   AC: 23    Str: 33    XL:     15   Next: 86%
MP:   0/14          EV:  1    Int:  7    God:    Trog [*****.]
Gold: 2331          SH:  0    Dex:  9    Spells: 14/14 levels left

rFire   + . .      SeeInvis .     - Unarmed
rCold   + . .      Faith    .   (no shield)
rNeg    + . .      Spirit   +   G - +1 pearl dragon scales
rPois   .          Reflect  .   (helmet restricted)
rElec   .          Harm     .   K - +2 cloak {rCorr}
rCorr   +          Rampage  .   (gloves unavailable)
Will    +....                   (boots unavailable)
Stlth   ..........              k - amulet of Psychosis {Spirit Regen+}
HPRegen 1.96/turn               B - ring "Votosaj" {rF+ rC+ AC+4 Str+2}
MPRegen 0.14/turn               y - +4 ring of evasion

@: paralysed, slowed, lightly drained
A: large, unfitting armour, claws 3, regeneration 1, shaggy fur 1, tough skin 1
a: Renounce Religion, Berserk, Trog's Hand, Brothers in Arms


You were on level 1 of the Abyss.
You worshipped Trog.
Trog was extremely pleased with you.
You visited 2 branches of the dungeon, and saw 19 of its levels.
You visited the Abyss 1 time.
You also visited: Gauntlet and Ice Cave.

You collected 2376 gold pieces.
You spent 45 gold pieces at shops.

Inventory:

Missiles
 l - 4 curare-tipped darts (quivered)
 v - a throwing net
Armour
 G - +1 pearl dragon scales (worn)
 K - a +2 cloak of preservation (worn)
Jewellery
 k - the amulet of Psychosis (around neck) {Spirit Regen+}
   (You found it on level 2 of the Dungeon)

   [amulet of guardian spirit]

   It causes incoming damage to be divided between your reserves of health and
   magic.
   Regen:     It increases your rate of health regeneration.
 p - a ring of poison resistance
 t - a ring of see invisible
 y - a +4 ring of evasion (right claw)
 B - the ring "Votosaj" (left claw) {rF+ rC+ AC+4 Str+2}
   (You found it on level 2 of the Lair of Beasts)

   [ring of protection]

   AC:        It affects your AC (+4).
   Str:       It affects your strength (+2).
   rF:        It protects you from fire.
   rC:        It protects you from cold.
Wands
 f - a wand of iceblast (15)
 g - a wand of mindburst (12)
 x - a wand of digging (4)
 z - a wand of flame (64)
 J - a wand of acid (11)
Scrolls
 c - 3 scrolls of torment
 e - 20 scrolls of teleportation
 i - 2 scrolls of vulnerability
 o - 5 scrolls of blinking
 q - 3 scrolls of fear
 w - 2 scrolls of magic mapping
 A - 2 scrolls of fog
 H - a scroll of silence
 N - a scroll of identify
Potions
 a - 2 potions of magic
 b - 6 potions of lignification
 d - 5 potions of brilliance
 h - 5 potions of heal wounds
 j - 4 potions of mutation
 m - a potion of resistance
 n - 6 potions of curing
 r - 3 potions of cancellation
 s - 6 potions of attraction
 u - 8 potions of might
 C - a potion of berserk rage
 E - 3 potions of ambrosia
 M - a potion of haste


   Skills:
 + Level 13.5 Fighting
 + Level 7.9 Armour
 - Level 2.4 Dodging
 * Level 21.7 Unarmed Combat


You had 14 spell levels left.
You didn't know any spells.
Your spell library was empty.

Dungeon Overview and Level Annotations

Branches:
Dungeon (13/15)            Temple (0/1) D:6            Lair (6/6) D:10
 Shoals (0/4) Lair:3        Snake (0/4) Lair:3        Slime (0/5) Lair:6
    Orc (0/2) D:9          Vaults (0/5) D:13          IceCv (visited)
Gauntlet (visited)

Altars:
Cheibriados
Gozag
Xom

Shops:
D:1 (   D:5 ?


Innate Abilities, Weirdness & Mutations

You are too large for most types of armour.
You have claws for hands.
Your natural rate of healing is unusually fast.
You are covered in fur. (AC +1)
You have tough skin. (AC +1)


Message History

The raiju bites you but does no damage. A chorus of shrieks assaults your mind.
* * * LOW HITPOINT WARNING * * *
Okay, then.
You scratch the raiju but do no damage. Your claw misses the raiju.
The raiju is heavily wounded.
You feel sick.
A starcursed mass splits.
The raiju bites you.
* * * LOW HITPOINT WARNING * * *
The raiju shocks you!
* * * LOW HITPOINT WARNING * * *
A starcursed mass splits.
Unknown command.
You feel much better.
You feel sick. A chorus of shrieks assaults your mind. The raiju bites you.
The raiju shocks you!
* * * LOW HITPOINT WARNING * * *
A starcursed mass splits.
The starcursed mass barely misses you. The raiju bites you but does no damage.
You closely miss the raiju. Your claw misses the raiju.
The raiju is heavily wounded.
You feel sick.
You are no longer poisoned.
The starcursed mass touches you!
* * * LOW HITPOINT WARNING * * *
The starcursed mass touches you but does no damage.
Unknown command.
You mangle the raiju!! Your claw misses the raiju.
The raiju is almost dead.
A deafening chorus of shrieks assaults your mind!
* * * LOW HITPOINT WARNING * * *
You suddenly lose the ability to move!
The raiju bites you!
* * * LOW HITPOINT WARNING * * *
The raiju shocks you!
* * * LOW HITPOINT WARNING * * *
A raiju comes into view.
The starcursed mass touches you but does no damage. x2
The raiju bites you but does no damage.
The starcursed mass touches you but does no damage.
The starcursed mass touches you!
You die...

. ...# .. ...##. .
## #....##.# .#
##### #.#. . ..
...#.....
.###...#JX# # # #
...##..##..##..##
......XXXX........
. ......h@.X.h...
. .
..##..##..##..##.
.##.######### #.##
# . .# #.. ## #
... . . # .. . ##
# #


You could see 6 starcursed masses, 2 raiju and a jelly.

Vanquished Creatures
  A lich (Abyss:1)
  Rupert (D:13)
  A frost giant (IceCv)
  A reaper (Abyss:1)
  Nessos (D:13)
  2 minotaurs
  A green death (Abyss:1)
  A fire dragon (D:13)
  Josephine (Lair:5)
  2 rakshasas
  Fannar (Lair:3)
  A merfolk avatar (Lair:6)
  4 hydras
  3 boulder beetles
  A centaur warrior (D:11)
  The ghost of Doot the Carver, a journeyman OpVM of Wu Jian (D:12)
  8 two-headed ogres
  The ghost of NoAnimeNoLife the Covert, a journeyman VSAE of Ashenzari (D:13)
  11 death yaks
  Urug (D:13)
  Nergalle (Lair:2)
  A thrashing horror (Abyss:1)
  A tengu warrior (D:13)
  A fire crab (shapeshifter) (D:11)
  A fire crab (Lair:2)
  A sixfirhy (Abyss:1)
  3 skeletal warriors (D:11)
  A sea snake (shapeshifter) (Gauntlet)
  A wizard (D:11)
  A deep elf pyromancer (D:13)
  4 oklob plants
  An orc knight (D:11)
  5 ugly things
  A cyclops (shapeshifter) (Gauntlet)
  3 cyclopes
  3 manticores
  An ice statue (IceCv)
  5 elephants
  4 starcursed masses (Abyss:1)
  6 centaur zombies
  A moth of wrath (Gauntlet)
  9 cane toads
  2 gargoyles
  6 black mambas
  A torpor snail (Lair:3)
  Psyche (D:10)
  2 unseen horrors (D:11)
  12 komodo dragons
  8 rime drakes
  2 kobold demonologists
  An ancient zyme (Abyss:1)
  A red devil (Abyss:1)
  A hornet (Lair:6)
  A meliai (shapeshifter) (Gauntlet)
  3 snapping turtles (Lair:6)
  2 trolls (D:12)
  13 slime creatures
  A raiju (Abyss:1)
  A tarantella (shapeshifter) (D:11)
  16 blink frogs
  9 polar bears
  A queen bee (shapeshifter) (Gauntlet)
  A wind drake (Lair:6)
  6 dream sheep (Lair:6)
  A meliai zombie (D:11)
  15 wyverns
  3 shadows
  8 wraiths
  71 yaks
  A ynoxinul (Abyss:1)
  6 basilisks
  16 humans (D:13)
  A wyvern (shapeshifter) (D:13)
  3 steam dragons
  4 vampire mosquitoes
  2 acid dragons
  A small abomination (Abyss:1)
  18 water moccasins
  2 black bears
  5 orc warriors
  2 necrophages
  An ice beast (D:6)
  A sky beast (D:6)
  An ogre (D:5)
  38 wolves
  8 centaurs
  5 kobold brigands
  14 bullfrogs
  A wyvern zombie (D:8)
  A scorpion (D:6)
  2 wyvern skeletons
  7 killer bees
  8 wights
  A howler monkey (D:5)
  9 electric eels
  A gnoll shaman (D:6)
  A hound (D:7)
  5 orc priests
  4 jellies
  An iron imp (Abyss:1)
  A scorpion zombie (D:5)
  2 iguanas (D:5)
  10 orc wizards
  6 hell rats (Lair:2)
  A killer bee zombie (D:6)
  A hound skeleton (D:4)
  6 gnolls
  8 adders
  5 river rats (Lair:2)
  5 shadow imps
  2 white imps
  An ufetubus (D:7)
  An adder skeleton (D:5)
  4 dart slugs
  30 orcs
  2 ball pythons
  2 bats
  2 endoplasms (D:1)
  A giant cockroach (D:4)
  6 goblins
  3 hobgoblins
  4 jackals
  3 quokkas
  2 frilled lizards
  22 kobolds
  11 rats
  A bush (Lair:3)
600 creatures vanquished.

Vanquished Creatures (others)
  A cyclops (D:13)
  An unseen horror (D:13)
  A troll (D:13)
  A hog (shapeshifter) (D:13)
  A centaur (D:13)
  21 fungi
  A lurking horror (Abyss:1)
  74 plants
101 creatures vanquished.

Grand Total: 701 creatures vanquished

Notes
Turn   | Place    | Note
-------+----------+-------------------------------------------
     0 | D:1      | Infinimo the Troll Berserker began the quest for the Orb.
     0 | D:1      | Reached XP level 1. HP: 22/22 MP: 0/0
   147 | D:1      | Found Mosoe's Weapon Boutique.
   226 | D:1      | Reached XP level 2. HP: 29/29 MP: 1/1
   718 | D:2      | Reached XP level 3. HP: 30/36 MP: 2/2
   864 | D:2      | Reached ** piety under Trog
   865 | D:2      | Reached skill level 4 in Unarmed Combat
  1074 | D:2      | Identified the amulet of Psychosis {Spirit Regen+}
  1398 | D:3      | Reached XP level 4. HP: 45/45 MP: 3/3
  1464 | D:3      | Found a faded altar of an unknown god.
  1868 | D:4      | Reached skill level 5 in Unarmed Combat
  1870 | D:4      | Reached *** piety under Trog
  1881 | D:4      | Reached XP level 5. HP: 39/53 MP: 4/4
  1939 | D:4      | You fall into a shaft and drop 3 floors!
  1951 | D:7      | Noticed a necrophage
  1964 | D:7      | Killed a necrophage
  1965 | D:7      | Reached skill level 6 in Unarmed Combat
  1965 | D:7      | Reached XP level 6. HP: 61/62 MP: 5/5
  2093 | D:6      | Reached skill level 7 in Unarmed Combat
  2093 | D:6      | Reached XP level 7. HP: 13/71 MP: 1/6
  2247 | D:6      | Reached skill level 8 in Unarmed Combat
  2315 | D:5      | Entered Level 5 of the Dungeon
  2348 | D:5      | Reached skill level 5 in Fighting
  2356 | D:5      | Reached XP level 8. HP: 46/80 MP: 1/7
  2920 | D:5      | Found Hanikyxe's Magic Scroll Boutique.
  2928 | D:5      | Bought a scroll of teleportation for 45 gold pieces
  2994 | D:5      | Reached skill level 9 in Unarmed Combat
  3643 | D:6      | Reached skill level 10 in Unarmed Combat
  3727 | D:6      | Found a staircase to the Ecumenical Temple.
  3829 | D:7      | Reached XP level 9. HP: 89/89 MP: 8/8
  3976 | D:7      | Reached **** piety under Trog
  4347 | D:8      | Identified a scroll of acquirement
  4347 | D:8      | Acquired 724 gold pieces
  4395 | D:8      | Reached skill level 11 in Unarmed Combat
  4616 | D:8      | Reached skill level 12 in Unarmed Combat
  4764 | D:8      | Found a snail-covered altar of Cheibriados.
  4765 | D:8      | Found an opulent altar of Gozag.
  5045 | D:9      | Reached XP level 10. HP: 71/102 MP: 6/9
  5186 | D:9      | Found a staircase to the Orcish Mines.
  5582 | D:9      | Reached skill level 13 in Unarmed Combat
  5770 | D:10     | Entered Level 10 of the Dungeon
  5770 | D:10     | Noticed a two-headed ogre
  5774 | D:10     | Killed a two-headed ogre
  5940 | D:10     | Noticed an oklob plant
  5940 | D:10     | Noticed an oklob plant
  5958 | D:10     | Found a staircase to the Lair.
  5964 | D:10     | Killed an oklob plant
  5968 | D:10     | Killed an oklob plant
  6006 | D:10     | Reached skill level 14 in Unarmed Combat
  6042 | D:10     | Reached XP level 11. HP: 82/113 MP: 6/10
  6162 | D:10     | Noticed a two-headed ogre
  6167 | D:10     | Killed a two-headed ogre
  6175 | D:10     | Reached ***** piety under Trog
  6200 | D:10     | Noticed a two-headed ogre
  6208 | D:10     | Killed a two-headed ogre
  6211 | D:10     | Noticed Psyche
  6217 | D:10     | Killed Psyche
  6571 | Lair:1   | Entered Level 1 of the Lair of Beasts
  6572 | Lair:1   | Noticed a six-headed hydra
  6579 | Lair:1   | Killed a nine-headed hydra
  6595 | Lair:1   | Reached skill level 15 in Unarmed Combat
  7431 | Lair:2   | Reached skill level 16 in Unarmed Combat
  7489 | Lair:2   | Identified the ring "Votosaj" {rF+ rC+ AC+4 Str+2}
  7636 | Lair:2   | Noticed Nergalle
  7650 | Lair:2   | Killed Nergalle
  7651 | Lair:2   | Reached skill level 10 in Fighting
  7651 | Lair:2   | Reached XP level 12. HP: 126/126 MP: 7/11
  7690 | Lair:2   | Reached skill level 17 in Unarmed Combat
  7690 | Lair:2   | Reached XP level 13. HP: 136/136 MP: 12/12
  7753 | Lair:2   | Received a gift from Trog
  8373 | Lair:3   | Found a gate leading to a gauntlet.
  8381 | Gauntlet | Entered a Gauntlet
  8381 | Gauntlet | Found a transporter.
  8390 | Gauntlet | Found a transporter.
  8390 | Gauntlet | Found a transporter.
  8404 | Gauntlet | Found a transporter.
  8405 | Gauntlet | Found a transporter.
  8410 | Gauntlet | Found a runed translucent door.
  8413 | Gauntlet | Found a transporter.
  8414 | Gauntlet | Noticed a bunyip
  8426 | Gauntlet | Found a runed translucent gate.
  8427 | Gauntlet | Found a transporter.
  8427 | Gauntlet | Found a runed translucent gate.
  8428 | Gauntlet | Found a runed translucent gate.
  8428 | Gauntlet | Noticed a broodmother
  8428 | Gauntlet | an alligator changed into a broodmother
  8430 | Gauntlet | Noticed a balrug
  8430 | Gauntlet | Noticed a fire dragon
  8430 | Gauntlet | a wolf spider changed into a fire dragon
  8437 | Gauntlet | Noticed a blizzard demon
  8438 | Gauntlet | Found a transporter.
  8449 | Gauntlet | Found a transporter.
  8450 | Gauntlet | Found a runed translucent door.
  8451 | Gauntlet | Found a runed translucent door.
  8454 | Gauntlet | Found a transporter.
  8454 | Gauntlet | Found a transporter.
  8483 | Gauntlet | Found a transporter.
  8484 | Gauntlet | Found a transporter.
  8536 | Gauntlet | Found a transporter.
  8795 | Gauntlet | Identified the +8 battleaxe of Oroffoa {venom, *Noise rElec
                  | rPois Stlth+}
  8795 | Gauntlet | Noticed a minotaur
  8801 | Gauntlet | Killed a minotaur
  8802 | Gauntlet | Reached skill level 18 in Unarmed Combat
  8916 | Lair:3   | Noticed Fannar
  8938 | Lair:3   | Reached skill level 1 in Armour
  8946 | Lair:3   | Killed Fannar
  8961 | Lair:3   | Found a staircase to the Shoals.
  9056 | Lair:3   | Found a staircase to the Snake Pit.
  9084 | Lair:3   | Received a gift from Trog
  9143 | Lair:3   | Identified the +2 pair of gloves "Viam" {rPois}
 10091 | Lair:4   | Reached skill level 19 in Unarmed Combat
 10616 | Lair:5   | Reached XP level 14. HP: 143/148 MP: 13/13
 10952 | Lair:5   | Noticed Josephine
 10962 | Lair:5   | Killed Josephine
 11426 | Lair:6   | Entered Level 6 of the Lair of Beasts
 11452 | Lair:6   | Found a staircase to the Slime Pits.
 11665 | Lair:6   | Received a gift from Trog
 11816 | Lair:6   | Reached skill level 5 in Armour
 12282 | Lair:6   | Reached skill level 20 in Unarmed Combat
 13451 | D:11     | Reached XP level 15. HP: 139/158 MP: 10/14
 14089 | D:12     | Found a frozen archway.
 14096 | IceCv    | Entered an ice cave
 14277 | IceCv    | Received a gift from Trog
 14597 | IceCv    | Noticed a frost giant
 14602 | IceCv    | Killed a frost giant
 14605 | IceCv    | Reached skill level 21 in Unarmed Combat
 15107 | D:12     | Found a runed translucent gate.
 15107 | D:12     | Found a runed translucent gate.
 15110 | D:12     | Found a runed translucent gate.
 15112 | D:12     | Noticed Doot's ghost (journeyman OpVM)
 15395 | D:12     | Killed Doot's ghost
 15570 | D:13     | Noticed Urug
 15571 | D:13     | Noticed Nessos
 15572 | D:13     | Noticed Rupert
 15585 | D:13     | Killed Urug
 15591 | D:13     | Found a gate to the Vaults.
 15594 | D:13     | Killed Nessos
 15611 | D:13     | Killed Rupert
 15827 | D:13     | Found a shimmering altar of Xom.
 15846 | D:13     | Received a gift from Trog
 16005 | D:13     | Found a runed translucent gate.
 16005 | D:13     | Found a runed translucent gate.
 16005 | D:13     | Noticed NoAnimeNoLife's ghost (journeyman VSAE)
 16164 | D:13     | Found a runed translucent gate.
 16345 | D:13     | Killed NoAnimeNoLife's ghost
 16353 | D:13     | Cast into level 1 of the Abyss (kobold brigand)
 16734 | Abyss:1  | Noticed a lich
 16750 | Abyss:1  | Killed a lich
 16774 | Abyss:1  | Paralysed by accursed screaming for 1 turns
 16775 | Abyss:1  | Slain by a starcursed mass

Illustrated notes

Levels and vault maps discovered:
D:1:      nzn_arrival_water_spiral, layout_basic, serial_shops,
          nicolae_shop_bloodbath_and_beyond
D:2:      layout_basic, minmay_pentomino_r4
D:3:      layout_rooms, hellmonk_ecumenical_altar_heavens_door
D:4:      layout_gridville
D:5:      layout_gridville, serial_shops, shop_statue
D:6:      layout_cave_pools, temple_hall
D:7:      layout_loops_ring
D:8:      layout_rooms, minitemple, abandoned_shop, minmay_misc_feat_encased,
          minmay_crystal_water, minmay_misc_feat_four_crosses
D:9:      layout_roguey, david_orc_1_choice
D:10:     layout_cave_pools, dpeg_oklobed_lair, uniq_psyche
D:11:     hangedman_cross_veins, layout_grid_maze,
          chequers_serial_rivers_room_b, minmay_between
D:12:     layout_basic, portal_ice_cave_rime, maelrawn_ghost_gauntlet_escape
D:13:     layout_cave_pools, david_vaults_3, gammafunk_ghost_nasty_kobolds,
          minmay_misc_feat_secret_circle, xom_confusion_cloud
Lair:1:   layout_concentric_octagons, grunt_megastairs_4, lemuel_fruit_fields
Lair:2:   layout_long_grid, kennysheep_abandoned_house, wad_woods_river_01,
          infiniplex_staircase_pool, uniq_nergalle
Lair:3:   layout_small_grid, minmay_shoals_entry_centaurs,
          minmay_snake_entry_six_corridors, gauntlet_entry_generic,
          minmay_lair_oklob_bushes, uniq_fannar
Lair:4:   layout_regular_city
Lair:5:   layout_regular_city, minivault_11, minmay_stone_trees_medium,
          kennysheep_basilisk_garden, uniq_josephine, uniq_rupert
Lair:6:   gammafunk_lair_ancient_temple, layout_gridlike, slime_dummy,
          serial_bayou_shore_a
Abyss:1:  base: D:4, guppyfry_abyss_exit_imp_island

Skill      XL: |  1  2  3  4  5  6  7  8  9 10 11 12 13 14 15 |
---------------+----------------------------------------------+-----
Unarmed Combat | 4 5 6 7 8 10 12 14 16 17 19 20 21 | 21.7
Fighting       | 3 4 5 6 7 8 10 11 12 13 | 13.5
Armour         | 3 6 7 |  7.9
Dodging        | |  2.4

Action                   |  1- 3 |  4- 6 |  7- 9 | 10-12 | 13-15 || total
-------------------------+-------+-------+-------+-------+-------++-------
Melee: Unarmed           |   107 |    91 |   227 |   270 |  1056 ||  1751
       Punch             |     1 |     4 |    15 |    23 |   135 ||   178
Invok: Berserk           |       |     2 |     3 |     6 |    13 ||    24
  Use: Scroll            |       |       |    13 |     8 |     6 ||    27
       Potion            |       |       |       |     1 |     1 ||     2
 Stab: Sleeping          |     2 |       |       |       |     1 ||     3
       Confused          |       |       |       |       |     2 ||     2
Armor: Animal skin       |    38 |    23 |    45 |       |       ||   106
       Steam dragon scal |       |       |     3 |    60 |    17 ||    80
       Pearl dragon scal |       |       |       |       |   438 ||   438
Dodge: Dodged            |    50 |    51 |    77 |   159 |   447 ||   784
